 Dungeon Crawl Stone Soup version 0.17.1-3-g152610e (webtiles) character file.

200 jacquesderrida the Caller (level 5, -10/52 HPs)
             Began as a Demonspawn Summoner on Apr 24, 2016.
             Mangled by an ogre
             ... wielding a +0 giant spiked club
              (21 damage)
             ... on level 5 of the Dungeon.
             The game lasted 00:09:11 (1175 turns).

jacquesderrida the Caller (Demonspawn Summoner)     Turns: 1175, Time: 00:09:12

Health: -10/52     AC: 22    Str:  8    XL:     5   Next: 48%
Magic:  2/8        EV:  2    Int: 23    God:
Gold:   83         SH:  0    Dex: 13    Spells: 3 memorised, 2 levels left

rFire  . . .     SeeInvis .     m - +0 long sword
rCold  . . .     Clarity  .     (armour currently unavailable)
rNeg   + + +     SustAt   .     (no shield)
rPois  +         Gourm    .     (helmet currently unavailable)
rElec  .         Spirit   .     (cloak currently unavailable)
rCorr  .         Warding  .     (gloves currently unavailable)
rMut   .         NoTele   +     (boots currently unavailable)
MR     +....                    (no amulet)
Stlth  ++........               (no ring)
                                q - ring of positive energy

@: brilliant, tree-form, somewhat resistant to hostile enchantments, unstealthy
A: (talons 0), (large bone plates 0), magic resistance 1, rot immunity
a: no special abilities


You were on level 5 of the Dungeon.
You were hungry.
You were a tree.
You visited 1 branch of the dungeon, and saw 5 of its levels.

You collected 83 gold pieces.

Inventory:

Hand Weapons
 d - a +0 short sword
 k - a +0 spear
 m - a +0 long sword (weapon)
 o - a +0 hunting sling
Missiles
 p - 13 tomahawks (quivered)
 s - 8 poisoned needles
Armour
 a - a +0 robe (melded)
 x - a +0 pair of boots
Jewellery
 q - a ring of positive energy (left branch)
Scrolls
 h - a scroll of fog {unknown}
 j - 2 scrolls of identify {unknown}
 u - a scroll of remove curse {unknown}
 v - a scroll of fear {unknown}
 w - a scroll of enchant weapon {unknown}
Potions
 g - 2 potions of brilliance
Books
 b - a book of Callings

   Spells                             Type                      Level
   a - Summon Small Mammal            Summoning                    1
   b - Call Imp                       Summoning                    2
   c - Call Canine Familiar           Summoning                    3
   d - Summon Guardian Golem          Hexes/Summoning              3
   e - Summon Lightning Spire         Summoning/Air                4
   f - Summon Ice Beast               Ice/Summoning                4
Comestibles
 c - 2 bread rations
 f - a meat ration
 l - a royal jelly
 r - 3 fruits
 t - 8 chunks of flesh


   Skills:
 + Level 2.6 Long Blades
 - Level 1.7 Dodging
 - Level 1.7 Stealth
 - Level 2.0 Spellcasting
 + Level 6.0 Summonings


You had 2 spell levels left.
You knew the following spells:

 Your Spells              Type           Power        Failure   Level  Hunger
a - Summon Small Mammal   Summ           ####         1%          1    #......
b - Call Imp              Summ           #####...     1%          2    ##.....
c - Call Canine Familiar  Summ           #####...     1%          3    ###....


Dungeon Overview and Level Annotations

Branches:
Dungeon (5/15)
 Temple: D:4-7

Altars:
Gozag
Nemelex Xobeh


Innate Abilities, Weirdness & Mutations

((You have sharp toenails.))
((You are partially covered in large bone plates (AC +2, SH +2).))
You are immune to rotting.
You are resistant to hostile enchantments.


Message History

Your crimson imp disappears in a puff of smoke!
The ice beast hits you but does no damage.
The ogre hits you with a giant spiked club!!
* * * LOW HITPOINT WARNING * * *
Unknown command.
You closely miss the ice beast.
The ice beast is heavily wounded.
The ice beast completely misses you.
The ice beast hits you but does no damage.
The ogre hits you but does no damage.
Unknown command.
Drink which item? (? for menu, Esc to quit)
Okay, then.
You hit the ice beast.
The ice beast is heavily wounded.
The ice beast hits you but does no damage.
You hit the ice beast.
The ice beast is severely wounded.
The ogre hits you with a giant spiked club!!
You die...

.... ....
.... ....
.... #####
.... ###
#..?# ....
.....###♣..#
....
#....YO.#
....
#####...#
#### #...#
#..## ##.##
## ##..# ..
#..## #.##
#.##


You could see an ice beast and an ogre.

Vanquished Creatures
  A hound (D:4)
  An iguana (D:4)
  A giant gecko (D:4)
  An orc (D:4)
  2 bats
  A giant newt (D:1)
  A kobold (D:3)
  2 rats (D:1)
10 creatures vanquished.

Vanquished Creatures (collateral kills)
  A hungry ghost (D:4)
  An ogre (D:4)
  3 worms
  A giant gecko (D:3)
  2 orcs
  6 hobgoblins
  2 kobolds
  A ball python zombie (D:5)
  A bat (D:3)
  2 giant cockroaches (D:3)
  2 giant newts
  5 goblins
  15 rats
42 creatures vanquished.

Grand Total: 52 creatures vanquished

Notes
Turn   | Place    | Note
--------------------------------------------------------------
     0 | D:1      | jacquesderrida the Demonspawn Summoner began the quest for the Orb.
     0 | D:1      | Reached XP level 1. HP: 13/13 MP: 3/3
    97 | D:1      | Gained mutation: You are partially covered in large bone plates (AC +2, SH +2). [demonic ancestry]
    97 | D:1      | Reached XP level 2. HP: 13/19 MP: 1/5
    98 | D:1      | OKEY
   122 | D:1      | Learned a level 2 spell: Call Imp
   586 | D:3      | Reached skill level 5 in Summonings
   586 | D:3      | Gained mutation: You have sharp toenails. [demonic ancestry]
   586 | D:3      | Reached XP level 3. HP: 21/24 MP: 4/6
   630 | D:3      | Learned a level 3 spell: Call Canine Familiar
   858 | D:4      | Reached skill level 1 in Long Blades
   862 | D:4      | Gained mutation: You are immune to rotting. [demonic ancestry]
   862 | D:4      | Reached XP level 4. HP: 30/30 MP: 2/7
   863 | D:4      | SPS
   915 | D:4      | Found an opulent altar of Gozag.
   916 | D:4      | Found a sparkling altar of Nemelex Xobeh.
   929 | D:4      | Noticed a hungry ghost
   948 | D:4      | Killed a hungry ghost
   948 | D:4      | Reached XP level 5. HP: 35/35 MP: 2/8
  1010 | D:4      | Noticed an ogre
  1023 | D:4      | Killed an ogre
  1023 | D:4      | Reached skill level 6 in Summonings
  1048 | D:5      | Entered Level 5 of the Dungeon
  1051 | D:5      | Noticed a centaur
  1125 | D:5      | Noticed an ice beast
  1127 | D:5      | Noticed an ogre
  1166 | D:5      | Gained mutation: You are resistant to hostile enchantments. [potion of beneficial mutation]
  1175 | D:5      | Mangled by an ogre

Action                   |  1- 3 |  4- 6 || total
-------------------------+-------+-------++-------
Melee: Short sword       |    15 |       ||    15
       Unarmed           |     3 |       ||     3
       Spear             |     3 |       ||     3
       Long sword        |     6 |    14 ||    20
Throw: Tomahawk          |     8 |       ||     8
 Cast: Summon Small Mamm |    16 |       ||    16
       Call Imp          |    11 |     6 ||    17
       Call Canine Famil |     3 |     6 ||     9
  Use: Potion            |       |     4 ||     4
 Stab: Sleeping          |     5 |     1 ||     6
  Eat: Chunk             |     1 |     2 ||     3
